 Dungeon Crawl Stone Soup version 0.21.0-3-g78d12a8bdd (webtiles) character file.

15790 MalkierKing the Cleaver (level 12, 0/115 HPs)
             Began as a Minotaur Berserker on Jan 17, 2018.
             Was a High Priest of Trog.
             Slain by a white ugly thing (15 damage)
             ... on level 11 of the Dungeon.
             The game lasted 00:51:10 (11189 turns).

MalkierKing the Cleaver (Minotaur Berserker)       Turns: 11189, Time: 00:51:11

Health: 0/115      AC: 19    Str: 27    XL:     12   Next: 4%
Magic:  11/11      EV: 12    Int:  5    God:    Trog [*****.]
Gold:   729        SH:  0    Dex: 12    Spells: 11/11 levels left

rFire    . . .     SeeInvis .   a - +0 battleaxe
rCold    . . .     Gourm    .   (shield currently unavailable)
rNeg     . . .     Faith    .   D - +0 plate armour
rPois    .         Spirit   .   (helmet restricted)
rElec    .         Reflect  .   q - +2 cloak
rCorr    .         Harm     .   (no gloves)
MR       ++...                  n - +0 pair of boots
Stlth    ..........             (no amulet)
HPRegen  1.29/turn              k - +3 ring of dexterity
MPRegen  0.12/turn              P - ring of Shadows {Umbra +Inv Stlth+}

@: about to teleport, regenerating, wreathed by umbra
A: retaliatory headbutt, horns 2
a: Berserk, Trog's Hand, Brothers in Arms, Burn Spellbooks, Renounce Religion,
Evoke Invisibility


You were on level 11 of the Dungeon.
You worshipped Trog.
Trog was extremely pleased with you.
You were not hungry.

You visited 2 branches of the dungeon, and saw 13 of its levels.

You collected 743 gold pieces.
You spent 14 gold pieces at shops.

Inventory:

Hand Weapons
 a - a +0 battleaxe (weapon)
 b - a +4 morningstar
Missiles
 p - 25 tomahawks (quivered)
 O - 4 exploding tomahawks
Armour
 n - a +0 pair of boots (worn)
 q - a +2 cloak (worn)
 D - a +0 plate armour (worn)
 Q - +0 acid dragon scales
Jewellery
 h - an uncursed ring of resist corrosion
 k - a +3 ring of dexterity (left hand)
 s - a +1 ring of protection
 E - an uncursed ring of flight
 I - an uncursed ring of see invisible
 P - the ring of Shadows (right hand) {Umbra +Inv Stlth+}
   (You found it on level 9 of the Dungeon)

   [ring of stealth]

   It lets you turn invisible.
   It makes you more stealthy.
Wands
 x - a wand of polymorph (18)
 A - a wand of scattershot (6)
 C - a wand of digging (26)
 M - a wand of disintegration (6)
Scrolls
 d - a scroll of fear
 e - 6 scrolls of identify
 g - 3 scrolls of teleportation
 u - a scroll of blinking {unknown}
 v - 2 scrolls of fog {unknown}
 w - 5 scrolls of enchant weapon
 y - a scroll of magic mapping {unknown}
 B - a scroll of silence {unknown}
 F - a scroll of immolation
 G - a scroll of amnesia {unknown}
 L - a scroll of remove curse
 R - a scroll of noise {unknown}
Potions
 f - 3 potions of curing
 i - 2 potions of might
 j - 4 potions of haste
 m - 5 potions of flight
 o - 2 potions of mutation
 r - 3 potions of ambrosia
 t - 2 potions of invisibility
 z - a potion of heal wounds
 H - a potion of cancellation {unknown}
 J - 2 potions of lignification {unknown}
 K - 2 potions of agility
 N - 2 potions of brilliance {unknown}
Comestibles
 c - 17 rations


   Skills:
 * Level 13.1 Fighting
 * Level 13.6 Axes
 + Level 2.5 Throwing
 + Level 9.9 Armour
 + Level 9.2 Dodging
 - Level 1.1 Stealth


You had 11 spell levels left.
You didn't know any spells.

Dungeon Overview and Level Annotations

Branches:
Dungeon (12/15)            Temple (1/1) D:4            Lair (0/6) D:8
    Orc (0/2) D:9

Altars:
Ashenzari
Cheibriados
Dithmenos
Elyvilon
Fedhas
Gozag
Hepliaklqana
Kikubaaqudgha
Makhleb
Nemelex Xobeh
Okawaru
Qazlal
Ru
Sif Muna
Trog
Uskayaw
Vehumet
Wu Jian
Xom
Yredelemnul
Zin
The Shining One

Shops:
D:5 *(:   D:9 !


Innate Abilities, Weirdness & Mutations

You reflexively headbutt those who attack you in melee.
You have a pair of horns on your head.


Message History

It was a potion of heal wounds.
You feel much better.
The white ugly thing headbutts you but does no damage.
The ogre barely misses you.
Your skin crawls.
You feel resistant to hostile enchantments.
You feel somewhat more hungry. The white ugly thing headbutts you!
* * * LOW HITPOINT WARNING * * *
The white ugly thing freezes you!!
* * * LOW HITPOINT WARNING * * *
As you read the scroll of fear, it crumbles to dust.
You assume a fearsome visage.
The ogre looks frightened!
The white ugly thing resists with some effort.
The white ugly thing headbutts you but does no damage.
The white ugly thing barely misses you. You furiously retaliate!
You headbutt the white ugly thing!
As you read the scroll of teleportation, it crumbles to dust.
You feel strangely unstable. The white ugly thing headbutts you.
* * * LOW HITPOINT WARNING * * *
The white ugly thing freezes you!
You die...

######
###....####
##.........###
#.@u.........#
##
##..........#
##.
#..........#
##..
###.......##
#... ###....###
##...
##..O..####....
#####...#.....
###.......
###.....


You could see a white ugly thing and an ogre (fleeing).

Vanquished Creatures
  Erolcha (D:9)
  Erica (D:8)
  3 two-headed ogres
  The ghost of Fv001 the Bolt Thrower, a novice FoHu of Okawaru (D:5)
  An unseen horror (D:11)
  The ghost of UranusSolar the Geomancer, a novice GrEE of Cheibriados (D:6)
  Pikel (D:4)
  2 cyclopes
  Maurice (D:8)
  Psyche (D:9)
  3 trolls
  Grinder (D:3)
  2 hippogriffs
  A spriggan (D:11)
  A wyvern (D:11)
  11 yaks
  Duvessa (D:4)
  An acid dragon (D:10)
  6 orc warriors
  A sky beast (D:10)
  A slave (D:4)
  2 ice beasts (D:9)
  2 black bears (D:8)
  5 wolves
  6 ogres
  5 centaurs
  A crocodile (D:10)
  Blork the orc (D:6)
  7 big kobolds (D:9)
  7 bullfrogs
  Dowan (D:4)
  2 scorpions
  3 killer bees (D:9)
  11 wights
  2 howler monkeys
  An electric eel (D:8)
  4 crimson imps (D:5)
  A quasit (D:7)
  10 hounds
  A centaur zombie (D:11)
  2 jellies
  A gnoll shaman (D:4)
  3 orc priests
  4 orc wizards
  Crazy Yiuf (D:4)
  2 bullfrog skeletons
  4 iguanas
  7 worker ants
  A killer bee zombie (D:8)
  Robin (D:4)
  12 adders
  13 gnolls
  A shadow imp (D:6)
  2 oozes
  2 worms
  6 dart slugs
  7 leopard geckos
  38 orcs
  10 bats
  4 giant cockroaches
  17 goblins
  13 hobgoblins
  8 jackals
  9 kobolds
  3 quokkas
  3 frilled lizards
  A leopard gecko skeleton (D:6)
  A quokka skeleton (D:8)
  12 rats
  A fungus (D:1)
303 creatures vanquished.

Vanquished Creatures (others)
  A slave (D:4)
  A gnoll (D:4)
  A quokka (D:4)
3 creatures vanquished.

Grand Total: 306 creatures vanquished

Notes
Turn   | Place    | Note
-------+----------+-------------------------------------------
     0 | D:1      | MalkierKing the Minotaur Berserker began the quest for the Orb.
     0 | D:1      | Reached XP level 1. HP: 19/19 MP: 0/0
   115 | D:1      | Reached XP level 2. HP: 27/27 MP: 1/1
   715 | D:2      | Reached XP level 3. HP: 29/33 MP: 2/2
  1374 | D:2      | Reached ** piety under Trog
  1540 | D:2      | Reached XP level 4. HP: 41/41 MP: 3/3
  1834 | D:2      | Found a stormy altar of Qazlal.
  2119 | D:3      | Reached skill level 5 in Axes
  2119 | D:3      | Reached XP level 5. HP: 39/47 MP: 4/4
  2250 | D:3      | Noticed Grinder
  2252 | D:3      | Paralysed by Grinder for 3 turns
  2394 | D:4      | Noticed Robin
  2400 | D:4      | Reached skill level 5 in Fighting
  2400 | D:4      | Reached skill level 1 in Stealth
  2403 | D:4      | Reached *** piety under Trog
  2441 | D:4      | Reached XP level 6. HP: 39/56 MP: 5/5
  2557 | D:4      | Killed Robin
  2575 | D:4      | Found a staircase to the Ecumenical Temple.
  2582 | Temple   | Entered the Ecumenical Temple
  2740 | D:4      | Noticed a slave
  2743 | D:4      | Noticed a slave
  2744 | D:4      | Noticed Pikel
  2750 | D:4      | Noticed a slave
  2752 | D:4      | Killed a slave
  2753 | D:4      | Noticed a slave
  2756 | D:4      | Killed Pikel
  2756 | D:4      | Reached XP level 7. HP: 62/62 MP: 6/6
  2859 | D:4      | Noticed Duvessa
  2882 | D:4      | Killed Duvessa
  2882 | D:4      | Reached skill level 1 in Throwing
  2978 | D:3      | Reached XP level 8. HP: 49/70 MP: 7/7
  3011 | D:3      | Killed Grinder
  3011 | D:3      | Reached skill level 5 in Armour
  3236 | D:3      | Found a deep blue altar of Sif Muna.
  3236 | D:3      | Found a hazy altar of Hepliaklqana.
  3236 | D:3      | Found a glowing silver altar of Zin.
  3453 | D:3      | Reached **** piety under Trog
  3693 | D:4      | Noticed Dowan
  3705 | D:4      | Killed Dowan
  3936 | D:4      | Found a runed door.
  3940 | D:4      | Noticed Crazy Yiuf
  3948 | D:4      | Killed Crazy Yiuf
  4018 | D:5      | Entered Level 5 of the Dungeon
  4043 | D:5      | Noticed Fv001's ghost (novice FoHu)
  4056 | D:5      | Killed Fv001's ghost
  4056 | D:5      | Reached skill level 5 in Dodging
  4056 | D:5      | Reached XP level 9. HP: 78/81 MP: 8/8
  4203 | D:5      | Found a radiant altar of Vehumet.
  4304 | D:5      | Noticed a moth of wrath
  4306 | D:5      | Found a bloodstained altar of Trog.
  4426 | D:5      | Found a sacrificial altar of Ru.
  4460 | D:5      | Found Otughoz's Weapon Emporium.
  4474 | D:5      | Found Feanoum's General Store.
  4526 | D:5      | Found Niock's Book Boutique.
  4702 | D:5      | Reached skill level 10 in Axes
  4950 | D:6      | Found an opulent altar of Gozag.
  5177 | D:6      | Reached ***** piety under Trog
  5192 | D:6      | Noticed UranusSolar's ghost (novice GrEE)
  5415 | D:6      | Killed UranusSolar's ghost
  5543 | D:6      | Noticed Blork the orc
  5558 | D:6      | Killed Blork the orc
  6035 | D:7      | Received a gift from Trog
  6035 | D:7      | Reached XP level 10. HP: 93/93 MP: 9/9
  6099 | D:7      | Reached skill level 10 in Fighting
  6700 | D:8      | Noticed a two-headed ogre
  6710 | D:8      | Killed a two-headed ogre
  6759 | D:8      | Noticed Erica
  7029 | D:8      | Killed Erica
  7040 | D:8      | Noticed Maurice
  7051 | D:8      | Killed Maurice
  7186 | D:8      | Found a staircase to the Lair.
  7708 | D:8      | Found a white marble altar of Elyvilon.
  7850 | D:9      | Found a staircase to the Orcish Mines.
  7896 | D:9      | Reached XP level 11. HP: 53/103 MP: 10/10
  8257 | D:9      | Noticed Erolcha
  8268 | D:9      | Killed Erolcha
  8311 | D:9      | Found Mehirche's Distillery.
  8319 | D:9      | Bought a potion of degeneration for 14 gold pieces
  8713 | D:9      | Found the ring of Shadows {Umbra +Inv Stlth+}
  8873 | D:9      | Noticed Psyche
  8880 | D:9      | Killed Psyche
  9085 | D:10     | Entered Level 10 of the Dungeon
  9103 | D:10     | Noticed a two-headed ogre
  9113 | D:10     | Killed a two-headed ogre
  9766 | D:10     | Noticed a two-headed ogre
  9775 | D:10     | Killed a two-headed ogre
 10150 | D:11     | Received a gift from Trog
 10213 | D:11     | HP: 3/107 [cyclops/large rock (35)]
 11136 | D:11     | Noticed an unseen horror
 11148 | D:11     | Killed an unseen horror
 11148 | D:11     | Reached XP level 12. HP: 106/115 MP: 11/11
 11189 | D:11     | Slain by a white ugly thing

Skill      XL: |  1  2  3  4  5  6  7  8  9 10 11 |
---------------+----------------------------------+-----
Axes           | 4 5 7 8 9 10 12 13 | 13.6
Fighting       | 4 5 6 7 9 11 13 | 13.1
Dodging        | 3 4 5 6 8 9 |  9.2
Stealth        | 1 |  1.1
Armour         | 4 6 7 8 9 |  9.9
Throwing       | 1 2 |  2.5

Action                   |  1- 3 |  4- 6 |  7- 9 | 10-12 || total
-------------------------+-------+-------+-------+-------++-------
Melee: Hand axe          |    76 |   126 |   264 |       ||   466
       Headbutt          |    15 |    27 |    61 |    86 ||   189
       War axe           |       |       |    37 |   261 ||   298
       Battleaxe         |       |       |       |   123 ||   123
Throw: Tomahawk          |       |     4 |     3 |    15 ||    22
Invok: Berserk           |       |     2 |     3 |     2 ||     7
       Trog's Hand       |       |     1 |     1 |     2 ||     4
       Burn Spellbooks   |       |       |       |     2 ||     2
  Use: Scroll            |       |       |     7 |     9 ||    16
       Potion            |       |       |       |     5 ||     5
 Stab: Sleeping          |     2 |       |       |       ||     2
       Distracted        |     1 |       |       |       ||     1
       Paralysed         |       |       |     1 |       ||     1
  Eat: Chunk             |     2 |     5 |    12 |    12 ||    31
       Ration            |       |       |     1 |     2 ||     3
Armor: Animal skin       |    16 |    10 |       |       ||    26
       Scale mail        |       |    23 |    73 |       ||    96
       Plate armour      |       |       |    40 |   245 ||   285
Dodge: Dodged            |    62 |    68 |   161 |   272 ||   563
